TOP OF THE 1ST |
Oceanside HS Pirates batting - Pitching for Otsego HS Bulldogs : RHP Mike Spencer
|
Pitching: RHP Mike Spencer
|
|
Batting: RHB Stan Taylor
|
0-0: Ball 1-0: Foul Ball, location: 2F 1-1: Called Strike 1-2: Ball 2-2: Foul Ball, location: 2F 2-2: Foul Ball, location: 2F 2-2: SINGLE (Groundball, 34D) (infield hit)
|
Batting: SHB Ryan Holcomb
|
0-0: Ball 1-0: Called Strike 1-1: Swinging Strike 1-2: Foul Ball, location: 2F 1-2: Strikes out swinging
|
Batting: LHB Chris Goodwin
|
0-0: Ball 1-0: Foul Ball, location: 2F 1-1: Foul Ball, location: 2F 1-2: Ball 2-2: Strikes out swinging
|
Batting: LHB Jon Quinn
|
0-0: Called Strike 0-1: Foul Ball, location: 2F 0-2: Ball Stan Taylor steals 2nd base 1-2: Ball 2-2: Ball 3-2: Fly out, F7 (Flyball, 7M)
|
Top of the 1st over - 0 run(s), 1 hit(s), 0 error(s), 1 left on base; Oceanside HS 0 - Otsego HS 0 |
BOTTOM OF THE 1ST |
Otsego HS Bulldogs batting - Pitching for Oceanside HS Pirates : LHP Will Baker
|
Pitching: LHP Will Baker
|
|
Batting: RHB Carl O'Dell
|
0-0: Ball 1-0: Called Strike 1-1: Ball 2-1: TRIPLE (Line Drive, 78M)
|
Batting: RHB Vaughan Tillman
|
0-0: Called Strike 0-1: Foul Ball, location: 2F 0-2: Strikes out swinging
|
Batting: RHB Dave Marshall
|
0-0: Ball 1-0: Foul Ball, location: 2F 1-1: Called Strike 1-2: SINGLE (Flyball, 8RS) Carl O'Dell scores
|
Batting: LHB Tom Hall
|
0-0: Ball 1-0: Ball 2-0: Foul Ball, location: 2F 2-1: Called Strike 2-2: Ground out 5-3 (Groundball, 56S) Dave Marshall to second
|
Batting: RHB Jody Stewart
|
0-0: Ball 1-0: Ball 2-0: Called Strike 2-1: Ball 3-1: SINGLE (Line Drive, 7LS) Dave Marshall to third Runner from 3rd tries for Home, SAFE, throw made home Jody Stewart to second
|
Batting: LHB Carl Hayden
|
0-0: Called Strike 0-1: Ball 1-1: Ball 2-1: Ground out 1-3 (Groundball, 15)
|
Bottom of the 1st over - 2 run(s), 3 hit(s), 0 error(s), 1 left on base; Oceanside HS 0 - Otsego HS 2 |
TOP OF THE 2ND |
Oceanside HS Pirates batting - Pitching for Otsego HS Bulldogs : RHP Mike Spencer
|
Batting: RHB Jeffery Evans
|
0-0: Ball 1-0: Ball 2-0: SINGLE (Groundball, 6M)
|
Batting: LHB Michael Hanson
|
0-0: Called Strike 0-1: Ball 1-1: Ball 2-1: Swinging Strike 2-2: Ground out 4-3 (Groundball, 4M) Jeffery Evans to second
|
Batting: RHB Glen Madden
|
0-0: Ball 1-0: Foul Ball, location: 2F 1-1: Ball 2-1: SINGLE (Line Drive, 6M) Jeffery Evans to third
|
Batting: RHB Joe Rogers
|
0-0: Ball 1-0: Called Strike 1-1: Ball 2-1: Ball 3-1: Called Strike 3-2: Foul Ball, location: 2F 3-2: Base on Balls Glen Madden to second
|
Batting: LHB Greg Sharpe
|
0-0: Foul Ball, location: 2F 0-1: Fly out, F5 (Line Drive, 5S)
|
Batting: RHB Stan Taylor
|
0-0: Swinging Strike 0-1: Ball 1-1: Called Strike 1-2: Strikes out swinging
|
Top of the 2nd over - 0 run(s), 2 hit(s), 0 error(s), 3 left on base; Oceanside HS 0 - Otsego HS 2 |
BOTTOM OF THE 2ND |
Otsego HS Bulldogs batting - Pitching for Oceanside HS Pirates : LHP Will Baker
|
Batting: RHB J.T. Paull
|
0-0: Ball 1-0: Ground out 6-3 (Groundball, 6)
|
Batting: RHB Daniel Dillard
|
0-0: Ball 1-0: SINGLE (Groundball, 56D) (infield hit)
|
Batting: RHB Jorge López
|
0-0: Called Strike 0-1: Ball 1-1: Called Strike 1-2: SINGLE (Groundball, 56D) Daniel Dillard to second
|
Batting: RHB Carl O'Dell
|
0-0: Called Strike 0-1: Foul Ball, location: 2F 0-2: Strikes out swinging
|
Batting: RHB Vaughan Tillman
|
0-0: Called Strike 0-1: Foul Ball, location: 2F 0-2: Foul Ball, location: 2F 0-2: Ball 1-2: Ball 2-2: Ball 3-2: Base on Balls Daniel Dillard to third Jorge López to second
|
Batting: RHB Dave Marshall
|
0-0: Ball 1-0: Swinging Strike 1-1: Ball 2-1: Foul Ball, location: 2F 2-2: Ball 3-2: SINGLE (Flyball, 89S) Daniel Dillard scores Jorge López to third Vaughan Tillman to second Jorge López scores Vaughan Tillman to third
|
Batting: LHB Tom Hall
|
0-0: Ball 1-0: Foul Ball, location: 2F 1-1: Fly out, F8 (Flyball, 8RS)
|
Bottom of the 2nd over - 2 run(s), 3 hit(s), 0 error(s), 2 left on base; Oceanside HS 0 - Otsego HS 4 |
TOP OF THE 3RD |
Oceanside HS Pirates batting - Pitching for Otsego HS Bulldogs : RHP Mike Spencer
|
Batting: SHB Ryan Holcomb
|
0-0: Called Strike 0-1: Foul Ball, location: 2F 0-2: Foul Ball, location: 2F 0-2: Ball 1-2: Foul Ball, location: 2F 1-2: Strikes out swinging
|
Batting: LHB Chris Goodwin
|
0-0: Hit by Pitch
|
Batting: LHB Jon Quinn
|
0-0: Ball 1-0: Swinging Strike 1-1: Fly out, F8 (Flyball, 8RM)
|
Batting: RHB Jeffery Evans
|
0-0: Ball 1-0: Called Strike 1-1: Called Strike 1-2: Fly out, F8 (Flyball, 89M)
|
Top of the 3rd over - 0 run(s), 0 hit(s), 0 error(s), 1 left on base; Oceanside HS 0 - Otsego HS 4 |
BOTTOM OF THE 3RD |
Otsego HS Bulldogs batting - Pitching for Oceanside HS Pirates : LHP Will Baker
|
Batting: RHB Jody Stewart
|
0-0: Foul Ball, location: 2F 0-1: Foul Ball, location: 2F 0-2: Ball 1-2: Foul Ball, location: 2F 1-2: Hit by Pitch
|
Batting: LHB Carl Hayden
|
0-0: Called Strike 0-1: Foul Ball, location: 2F 0-2: Ball 1-2: Ball 2-2: Ball 3-2: Foul Ball, location: 2F 3-2: Foul Ball, location: 2F 3-2: Base on Balls Jody Stewart to second
|
Batting: RHB J.T. Paull
|
0-0: Ball 1-0: Foul Ball, location: 2F 1-1: Called Strike 1-2: Ball 2-2: Strikes out swinging
|
Batting: RHB Daniel Dillard
|
0-0: Ball 1-0: Swinging Strike 1-1: SINGLE (Groundball, 56D) Jody Stewart to third Carl Hayden to second Runner from 3rd tries for Home, SAFE, throw made home Carl Hayden to third Daniel Dillard to second
|
Batting: RHB Jorge López
|
0-0: Fly out, F7 (Flyball, 7S)
|
Batting: RHB Carl O'Dell
|
0-0: Ball 1-0: Ball 2-0: Ball 3-0: Called Strike 3-1: Base on Balls
|
Batting: RHB Vaughan Tillman
|
0-0: Ball 1-0: Ball 2-0: Ball 3-0: Called Strike 3-1: Base on Balls Carl Hayden scores Daniel Dillard to third Carl O'Dell to second
|
Pitching: RHP Thomas Hoffman
|
|
Batting: RHB Dave Marshall
|
0-0: SINGLE (Groundball, 6D) Daniel Dillard scores Carl O'Dell to third Vaughan Tillman to second Runner from 3rd tries for Home, SAFE, no throw or cutoff
|
Batting: LHB Tom Hall
|
0-0: Foul Ball, location: 2F 0-1: Ball 1-1: Ground out 4-3 (Groundball, 4)
|
Bottom of the 3rd over - 4 run(s), 2 hit(s), 0 error(s), 2 left on base; Oceanside HS 0 - Otsego HS 8 |
TOP OF THE 4TH |
Oceanside HS Pirates batting - Pitching for Otsego HS Bulldogs : RHP Mike Spencer
|
Batting: LHB Michael Hanson
|
0-0: Foul Ball, location: 2F 0-1: Swinging Strike 0-2: Foul Ball, location: 2F 0-2: Ball 1-2: Ball 2-2: Ball 3-2: Fly out, F8 (Flyball, 8LS)
|
Batting: RHB Glen Madden
|
0-0: Called Strike 0-1: Swinging Strike 0-2: Ground out 4-3 (Groundball, 4)
|
Batting: RHB Joe Rogers
|
0-0: Ball 1-0: Called Strike 1-1: Ball 2-1: Ball 3-1: Swinging Strike 3-2: Ground out 6-3 (Groundball, 6M)
|
Top of the 4th over - 0 run(s), 0 hit(s), 0 error(s), 0 left on base; Oceanside HS 0 - Otsego HS 8 |
BOTTOM OF THE 4TH |
Otsego HS Bulldogs batting - Pitching for Oceanside HS Pirates : RHP Thomas Hoffman
|
Batting: RHB Jody Stewart
|
0-0: Called Strike 0-1: Ball 1-1: Swinging Strike 1-2: Strikes out looking
|
Batting: LHB Carl Hayden
|
0-0: Called Strike 0-1: Ball 1-1: Ball 2-1: Ball 3-1: Ground out 5-3 (Groundball, 5)
|
Batting: RHB J.T. Paull
|
0-0: Ball 1-0: Foul Ball, location: 2F 1-1: Ball 2-1: Swinging Strike 2-2: Fly out, F8 (Popup, 4D)
|
Bottom of the 4th over - 0 run(s), 0 hit(s), 0 error(s), 0 left on base; Oceanside HS 0 - Otsego HS 8 |
TOP OF THE 5TH |
Oceanside HS Pirates batting - Pitching for Otsego HS Bulldogs : RHP Mike Spencer
|
Batting: LHB Greg Sharpe
|
0-0: Called Strike 0-1: Ball 1-1: Swinging Strike 1-2: Ball 2-2: Strikes out swinging
|
Pitching: LHP John Curtis
|
|
Batting: RHB Stan Taylor
|
0-0: Ball 1-0: Foul Ball, location: 2F 1-1: Called Strike 1-2: Ground out 5-3 (Groundball, 5)
|
Batting: SHB Ryan Holcomb
|
0-0: Ball 1-0: Foul Ball, location: 2F 1-1: Ball 2-1: Ball 3-1: Base on Balls
|
Batting: LHB Chris Goodwin
|
0-0: Called Strike 0-1: Foul Ball, location: 2F 0-2: Foul Ball, location: 2F 0-2: Ball 1-2: Ball 2-2: Ball 3-2: Strikes out swinging
|
Top of the 5th over - 0 run(s), 0 hit(s), 0 error(s), 1 left on base; Oceanside HS 0 - Otsego HS 8 |
BOTTOM OF THE 5TH |
Otsego HS Bulldogs batting - Pitching for Oceanside HS Pirates : RHP Thomas Hoffman
|
Batting: RHB Daniel Dillard
|
0-0: Fly out, F9 (Flyball, 9M)
|
Batting: RHB Jorge López
|
0-0: Foul Ball, location: 2F 0-1: Ground out 4-3 (Groundball, 4)
|
Batting: RHB Carl O'Dell
|
0-0: Called Strike 0-1: Foul Ball, location: 2F 0-2: Strikes out swinging
|
Bottom of the 5th over - 0 run(s), 0 hit(s), 0 error(s), 0 left on base; Oceanside HS 0 - Otsego HS 8 |
TOP OF THE 6TH |
Oceanside HS Pirates batting - Pitching for Otsego HS Bulldogs : LHP John Curtis
|
Batting: LHB Jon Quinn
|
0-0: SINGLE (Groundball, 6M)
|
Batting: RHB Jeffery Evans
|
0-0: Ball 1-0: Ball 2-0: Ball Wild Pitch! Jon Quinn to second 3-0: Base on Balls
|
Batting: LHB Michael Hanson
|
0-0: Called Strike 0-1: Ball 1-1: Called Strike 1-2: SINGLE (Line Drive, 89S) Jon Quinn to third Jeffery Evans to second
|
Batting: RHB Glen Madden
|
0-0: Ball 1-0: Called Strike 1-1: Fly out, F3 (Popup, 3DF)
|
Batting: RHB Joe Rogers
|
0-0: Swinging Strike 0-1: Ball 1-1: Foul Ball, location: 2F 1-2: Foul Ball, location: 2F 1-2: Strikes out swinging
|
Batting: LHB Greg Sharpe
|
0-0: Ball 1-0: Called Strike 1-1: Fly out, F7 (Flyball, 78M)
|
Top of the 6th over - 0 run(s), 2 hit(s), 0 error(s), 3 left on base; Oceanside HS 0 - Otsego HS 8 |
BOTTOM OF THE 6TH |
Otsego HS Bulldogs batting - Pitching for Oceanside HS Pirates : RHP Thomas Hoffman
|
Batting: RHB Vaughan Tillman
|
0-0: SINGLE (Groundball, 15S) (infield hit)
|
Batting: RHB Dave Marshall
|
0-0: Fly out, F8 (Flyball, 8RM)
|
Batting: LHB Tom Hall
|
0-0: Called Strike 0-1: Ball 1-1: SINGLE (Flyball, 8LS) Vaughan Tillman to second
|
Batting: RHB Jody Stewart
|
0-0: Ball 1-0: Foul Ball, location: 2F 1-1: Foul Ball, location: 2F 1-2: Foul Ball, location: 2F 1-2: DOUBLE (Line Drive, 7M) Vaughan Tillman scores Tom Hall to third
|
Batting: LHB Carl Hayden
|
0-0: Ball 1-0: Ball 2-0: Ball 3-0: Called Strike 3-1: Base on Balls
|
Batting: RHB J.T. Paull
|
0-0: Ball 1-0: Ball 2-0: Called Strike 2-1: Foul Ball, location: 2F 2-2: Foul Ball, location: 2F 2-2: Strikes out swinging
|
Batting: RHB Daniel Dillard
|
0-0: Fly out, F6 (Line Drive, 56)
|
Bottom of the 6th over - 1 run(s), 3 hit(s), 0 error(s), 3 left on base; Oceanside HS 0 - Otsego HS 9 |
TOP OF THE 7TH |
Oceanside HS Pirates batting - Pitching for Otsego HS Bulldogs : LHP John Curtis
|
Batting: RHB Stan Taylor
|
0-0: Called Strike 0-1: Called Strike 0-2: Ball 1-2: Ball 2-2: Foul Ball, location: 2F 2-2: SINGLE (Groundball, 4M)
|
Batting: SHB Ryan Holcomb
|
0-0: Ball 1-0: 2-RUN HOME RUN (Flyball, 78XD), Distance : 427 ft
|
Batting: LHB Chris Goodwin
|
0-0: Called Strike 0-1: Foul Ball, location: 2F 0-2: Ball 1-2: Foul Ball, location: 2F 1-2: Strikes out swinging
|
Batting: LHB Jon Quinn
|
0-0: Called Strike 0-1: Foul Ball, location: 2F 0-2: Foul Ball, location: 2F 0-2: DOUBLE (Flyball, 78XD)
|
Pitching: RHP Colm Day
|
|
Batting: RHB Jeffery Evans
|
0-0: Swinging Strike 0-1: Called Strike 0-2: Strikes out swinging
|
Batting: LHB Michael Hanson
|
0-0: Ball 1-0: Ball 2-0: Foul Ball, location: 2F 2-1: Foul Ball, location: 2F 2-2: SINGLE (Groundball, 5L) Jon Quinn to third Throwing error, E7 Jon Quinn scores Michael Hanson to second
|
Batting: RHB Glen Madden
|
0-0: Ball 1-0: Called Strike 1-1: SINGLE (Line Drive, 78M) Michael Hanson to third Runner from 3rd tries for Home, SAFE, no throw or cutoff
|
Batting: RHB Joe Rogers
|
0-0: Called Strike 0-1: Called Strike 0-2: Ball Wild Pitch! Glen Madden to second 1-2: Ball 2-2: Foul Ball, location: 2F 2-2: Ball 3-2: Base on Balls
|
Batting: LHB Greg Sharpe
|
0-0: Ball 1-0: Ball 2-0: Ball 3-0: Base on Balls Glen Madden to third Joe Rogers to second
|
Batting: RHB Stan Taylor
|
0-0: Hit by Pitch Glen Madden scores Joe Rogers to third Greg Sharpe to second
|
Batting: SHB Ryan Holcomb
|
0-0: Ball 1-0: Ball 2-0: SINGLE (Line Drive, 6MD) Joe Rogers scores Greg Sharpe to third Stan Taylor to second Runner from 3rd tries for Home, SAFE, throw made at trailing runner, SAFE at third!
|
Pitching: RHP Matt Hernández
|
|
Batting: LHB Chris Goodwin
|
0-0: Ball 1-0: Foul Ball, location: 2F 1-1: Ball 2-1: Foul Ball, location: 2F 2-2: Ball 3-2: Fly out, F8 (Flyball, 8RM)
|
Top of the 7th over - 7 run(s), 6 hit(s), 1 error(s), 2 left on base; Oceanside HS 7 - Otsego HS 9 |
BOTTOM OF THE 7TH |
Otsego HS Bulldogs batting - Pitching for Oceanside HS Pirates : RHP Thomas Hoffman
|
Pitching: RHP Mike Heath
|
|
Batting: RHB Jorge López
|
0-0: Ball 1-0: Foul Ball, location: 2F 1-1: Ball 2-1: Ball 3-1: Foul Ball, location: 2F 3-2: Base on Balls
|
Batting: RHB Carl O'Dell
|
0-0: Called Strike 0-1: Swinging Strike 0-2: Foul Ball, location: 2F 0-2: Ball 1-2: 2-RUN HOME RUN (Flyball, 7LD), Distance : 357 ft
|
Batting: RHB Vaughan Tillman
|
0-0: Ball 1-0: Ball 2-0: Ball 3-0: Called Strike 3-1: Foul Ball, location: 2F 3-2: Foul Ball, location: 2F 3-2: Base on Balls
|
Batting: RHB Dave Marshall
|
0-0: Swinging Strike 0-1: Called Strike 0-2: Strikes out swinging
|
Batting: LHB Tom Hall
|
0-0: Ball 1-0: Ball 2-0: Called Strike 2-1: Ball 3-1: Base on Balls Vaughan Tillman to second
|
Batting: RHB Jody Stewart
|
0-0: Called Strike 0-1: Swinging Strike 0-2: Strikes out swinging
|
Pitching: RHP Scott Barteaux
|
|
Batting: LHB Carl Hayden
|
0-0: Called Strike 0-1: Swinging Strike 0-2: Foul Ball, location: 2F 0-2: Ball 1-2: Ball 2-2: Strikes out swinging
|
Bottom of the 7th over - 2 run(s), 1 hit(s), 0 error(s), 2 left on base; Oceanside HS 7 - Otsego HS 11 |
TOP OF THE 8TH |
Oceanside HS Pirates batting - Pitching for Otsego HS Bulldogs : RHP Matt Hernández
|
Batting: LHB Jon Quinn
|
0-0: Fly out, F7 (Flyball, 78M)
|
Batting: RHB Jeffery Evans
|
0-0: Ball 1-0: Called Strike 1-1: Ball 2-1: Ball 3-1: Base on Balls
|
Batting: LHB Michael Hanson
|
0-0: Ball 1-0: Called Strike 1-1: Ball 2-1: Ball 3-1: Base on Balls Jeffery Evans to second
|
Pitching: RHP Craig Miller
|
|
Batting: RHB Glen Madden
|
0-0: Ball 1-0: Ball 2-0: Called Strike 2-1: Swinging Strike 2-2: Ball 3-2: Strikes out swinging
|
Batting: RHB Joe Rogers
|
0-0: Ground out 5-3 (Groundball, 5S)
|
Top of the 8th over - 0 run(s), 0 hit(s), 0 error(s), 2 left on base; Oceanside HS 7 - Otsego HS 11 |
BOTTOM OF THE 8TH |
Otsego HS Bulldogs batting - Pitching for Oceanside HS Pirates : RHP Scott Barteaux
|
Batting: RHB J.T. Paull
|
0-0: Ball 1-0: Fly out, F9 (Flyball, 89S)
|
Batting: RHB Daniel Dillard
|
0-0: Ball 1-0: Ball 2-0: Ball 3-0: Called Strike 3-1: Fly out, F7 (Line Drive, 7M)
|
Batting: RHB Jorge López
|
0-0: Ball 1-0: Ball 2-0: Ball 3-0: Called Strike 3-1: Called Strike 3-2: Base on Balls
|
Batting: RHB Carl O'Dell
|
0-0: Fly out, F3 (Popup, 3L)
|
Bottom of the 8th over - 0 run(s), 0 hit(s), 0 error(s), 1 left on base; Oceanside HS 7 - Otsego HS 11 |
TOP OF THE 9TH |
Oceanside HS Pirates batting - Pitching for Otsego HS Bulldogs : RHP Craig Miller
|
Batting: LHB Greg Sharpe
|
0-0: Ball 1-0: Swinging Strike 1-1: Foul Ball, location: 2F 1-2: Strikes out looking
|
Batting: RHB Stan Taylor
|
0-0: Ball 1-0: Ball 2-0: Called Strike 2-1: Foul Ball, location: 2F 2-2: Strikes out swinging
|
Batting: SHB Ryan Holcomb
|
0-0: Called Strike 0-1: Ball 1-1: Called Strike 1-2: Foul Ball, location: 2F 1-2: Foul Ball, location: 2F 1-2: Strikes out swinging
|
Top of the 9th over - 0 run(s), 0 hit(s), 0 error(s), 0 left on base; Oceanside HS 7 - Otsego HS 11 |
|